← All builds
Geo / Armada / Economy first / OBSERVED BUILD

Standard geo

Armada Geo build order · Supreme Isthmus

Standard Geo economy into T2 constructor and Starlight/Jaguar units sent to front as usual, with support built for teammates along the way.

Usually blows up the commander for T2 (72%)

#eco #t2 #team support · 1340 distinct matches · 236 players · 55% of Armada Geo games · team won 55% of 1561 · Recently observed

HOW TO PLAY IT

Key timing: T2 constructor by 4:55

  1. Open 2 mex and wind, then Bot Lab by 0:35.
  2. Rush geothermal powerplant to fund T2 ahead of other roles.
  3. Get T2 constructor out to start building T2 units.
  4. Add Vehicle Plant and Advanced Geothermal for the T2 push.
  5. Fly first Starlight to front with a transport from Air.

Phase by phase

TYPICAL OF ITS 1340 GAMES
  1. 1
  2. 2
  3. 3
  4. 4
PLAY THE OPENING

Follow the example game's first 6:00 step by step: what to build now, what comes next, and where it goes. At 1× it keeps pace with your own game.

  1. 1

    Up to the Bot Lab

    Economy
    • Metal Extractor3Mex
    • Wind Turbine4Wind
    Order
    1. Bot LabBot Lab after 3 mex, 4 winddone ~1:12, middle half 0:58–1:21

    By 0:55 in all: 3 mex · 4 wind

    The example game in this phase · 3 steps
    1. Mex ×2
    2. Wind ×3
    3. Bot LabBot Labdone 0:53 · typical 1:12
  2. 2

    Bot Lab to 5:00

    Economy
    • Metal Extractor2Mex
    • Wind Turbine3Wind
    • Energy Converter8Converter
    • Energy Storage1Energy storage
    Order
    1. Geothermal PowerplantGeo after 4 mex, 5 wind, 1 energy storage
    2. Bot LabEat Bot Lab
    Builders
    • Construction Turret5 Con turret
    • Lazarus4 Lazarus
    • Construction Bot2 Con bot
    • Construction Bot1 Con bot for allies
    • Lazarus1 Lazarus for allies

    By 5:00 in all: 4 mex · 7 wind · 1 geo · 8 converter · 1 energy storage · 5 con turret

    The example game in this phase · 29 steps
    1. TickTick
    2. Wind
    3. TickTick ×2
    4. LazarusLazarus
    5. Wind
    6. Construction BotCon bot
    7. Wind
    8. LazarusLazarusfor Beach sea
    9. Wind
    10. Construction BotCon botfor Beach sea
    11. Mex
    12. LazarusLazarus
    13. Construction BotCon bot
    14. LazarusLazarus
    15. Geothermal PowerplantGeodone 3:24 · typical 3:29
    16. Mex
    17. Bot LabEat Bot Labreclaimed for its metal
    18. Con turret
    19. Energy storage
    20. Con turret
    21. Converter
    22. Con turret
    23. Converter ×2
    24. Con turret
    25. Converter ×5
    26. Con turret
    27. Converter
    28. Energy storage
    29. Con turret
  3. 3

    5:00 to Vehicle Plant

    Order
    1. Advanced Geothermal PowerplantAdvanced Geothermal Powerplant after 8 wind, 10 converter, 6 con turretin 57% of games
    2. Vehicle PlantVehicle Plant after 9 wind, 10 converter, 6 con turretdone ~7:06, middle half 6:39–7:32

    Some games also: con turret (49%) · converter (48%) · wind (41%)

    By 6:56 in all: 4 mex · 9 wind · 1 geo · 1 Advanced Geothermal Powerplant · 10 converter · 1 energy storage

    The example game in this phase · 7 steps
    1. Radar TowerRadar Tower
    2. Advanced Metal ExtractorT2 mex ×2done 5:49 · typical 5:38
    3. Advanced Geothermal PowerplantAdvanced Geothermal Powerplantdone 6:56 · typical 7:11
    4. Advanced Metal ExtractorT2 mex ×2
    5. Con turret
    6. Dragon's TeethDragon's Teeth
    7. Vehicle PlantVehicle Plantdone 7:10 · typical 7:06
  4. 4

    Vehicle Plant to 10:00

    Economy
    • Wind Turbine5Wind
    • Energy Converter4Converter
    Order
    1. Advanced Vehicle PlantAdvanced Vehicle Plant after 10 wind, 11 converter, 6 con turret
    2. Vehicle PlantEat Vehicle Plant
    Builders
    • Construction Vehicle1 Con vehicle
    • Advanced Construction Vehicle1 T2 con vehicle for allies
    Army
    • Starlight2 Starlight
    • Umbra1 Jammer
    • Prophet1 Radar vehicle

    Some games also: con turret (48%) · Jaguar (36%)

    By 10:00 in all: 4 mex · 18 wind · 1 geo · 1 Advanced Geothermal Powerplant · 16 converter · 1 energy storage

    The example game in this phase · 82 steps
    1. Dragon's TeethDragon's Teeth ×2
    2. Construction VehicleCon vehicle
    3. Dragon's TeethDragon's Teeth ×2
    4. Advanced Vehicle PlantAdvanced Vehicle Plantdone 7:49 · typical 8:01
    5. Dragon's TeethDragon's Teeth ×3
    6. Wind
    7. Dragon's TeethDragon's Teeth ×2
    8. Vehicle PlantEat Vehicle Plantreclaimed for its metal
    9. Dragon's TeethDragon's Teeth ×3
    10. Wind
    11. Dragon's TeethDragon's Teeth ×2
    12. Wind
    13. Dragon's TeethDragon's Teeth
    14. Advanced Construction VehicleT2 con vehiclefor Suicide front
    15. Wind ×2
    16. NettleNettle
    17. Wind
    18. StarlightStarlightdone 8:32 · typical 9:04
    19. NettleNettle
    20. Wind
    21. NettleNettle
    22. Wind
    23. StarlightStarlight
    24. NettleNettle
    25. Wind
    26. SentrySentry
    27. Wind
    28. SentrySentry
    29. Wind
    30. UmbraJammer
    31. Wind ×2
    32. ProphetRadar vehicle
    33. Wind
    34. StarlightStarlight
    35. Wind ×2
    36. ShredderShreddernot finished by 15:00
    37. UmbraJammer
    38. ShredderShredder
    39. Converter
    40. JaguarJaguar ×2
    41. Converter
    42. JaguarJaguar
    43. Converter
    44. JaguarJaguar ×3
    45. Converter
    46. JaguarJaguar ×2
    47. Advanced Construction VehicleT2 con vehicle
    48. Converter
    49. JaguarJaguar
    50. ShredderShredder
    51. Converter
    52. CitadelAnti-nukedone 14:31
    53. ShredderShredder
    54. Converter
    55. ShredderShredder
    56. StarlightStarlight
    57. Converter
    58. StarlightStarlight
    59. Converter
    60. StarlightStarlight
    61. Wind ×3
    62. StarlightStarlight
    63. Wind ×7
    64. JaguarJaguar
    65. Wind ×2
    66. JaguarJaguar ×3
    67. Wind
    68. AmbassadorAmbassadorfor Suicide frontdone 13:41
    69. Wind
    70. AmbassadorAmbassadorfor Suicide front
    71. Wind ×2
    72. AmbassadorAmbassadorfor Suicide front
    73. Wind ×2
    74. JaguarJaguar
    75. Wind
    76. JaguarJaguar
    77. Wind
    78. JaguarJaguar ×2
    79. Wind
    80. UmbraJammer ×2
    81. Wind
    82. JaguarJaguar ×2

Counts are medians over the build's games: half of them build more, half fewer. The example game is [Grump]Matsuri's (39 OS, 13/10/2026); pick another.

Team trades

IN AT LEAST 30% OF ITS GAMES

You hand over

  • Lazarus1 Lazarus to Beach seafirst at 2:17 · in 75% of games
  • Construction Bot1 Con bot to Beach seafirst at 2:27 · in 86% of games
  • Advanced Construction Vehicle1 T2 con vehicle to Suicide front or Frontfirst at 8:48 · in 63% of games

You get

  • Advanced Construction Bot1 T2 con bot from Techfirst at 4:52 · in 94% of games

How it plays out

Typical game of this build, running totals by minute

Metal produced

020k40k
0:005:0010:0015:00

metal

Enemy metal destroyed

05k10k15k
0:005:0010:0015:00

metal

Own metal lost

02k4k6k
0:005:0010:0015:00

metal

1561 games.

Show as table
ByMetal produced: This buildEnemy metal destroyed: This buildOwn metal lost: This build
1:0033300
2:0086000
3:00152700
4:00267100
5:00369300
6:00563600
7:00801900
8:001134300
9:00144064384
10:0017270472200
11:00201101745520
12:002298036181605
13:002573058742970
14:002857482504419
15:0031347102095552
WHAT THE NUMBERS SAY

Standard Geo play wins about half its games while destroying the most enemy metal by 15:00 among the roles shown here.

  • + Enemy metal destroyed jumps to 10560 by 15:00, highest of all six builds.
  • + Starlight makes up 34% of army, delivering the long-range T2 push.
  • − Own metal lost reaches 5977 by 15:00 from the aggressive T2 push.
  • − First Starlight only arrives in 60% of games, a late or inconsistent push.
THE EXAMPLE YOU ARE READING

[Grump]Matsuri

39.5 OS · 13/10/2026

Open source match ↗

1 received units · includes a constructor
5917 metal received · 69925 energy received

Allied construction assistance is unknown. Timings are observations, not a promise of solo reproducibility.

Typical milestones

Bot Lab1:12Middle 50%: 0:58–1:21 · n=1560
Geothermal Powerplant3:29Middle 50%: 3:13–3:47 · n=1552
Advanced Metal Extractor5:38Middle 50%: 5:21–6:01 · n=1552
Vehicle Plant7:06Middle 50%: 6:39–7:32 · n=1508
Advanced Geothermal Powerplant7:11Middle 50%: 6:51–7:42 · n=1131
Advanced Vehicle Plant8:01Middle 50%: 7:40–8:33 · n=1443
Starlight9:04Middle 50%: 8:32–9:46 · n=1301

Played most by

0neTw0120games of this buildzeus_on_god119games of this buildXad53games of this buildTheGeneraI46games of this buildViltrum41games of this build
Standard geo · Armada Geo build order · BAR Build Atlas